 Dungeon Crawl Stone Soup version 0.26-a0-660-gc07710193c (webtiles) character file.

Game seed: 4120957663429496198

68 miket3c the Chopper (level 4, 0/40 HPs)
             Began as a Minotaur Berserker on Oct 7, 2020.
             Was a Believer of Trog.
             Succumbed to a gnoll's poison
             ... on level 2 of the Dungeon.
             The game lasted 00:02:35 (1643 turns).

miket3c the Chopper (Minotaur Berserker)            Turns: 1643, Time: 00:02:36

Health: 0/40       AC:  2    Str: 22    XL:     4   Next: 1%
Magic:  3/3        EV: 12    Int:  4    God:    Trog [**....]
Gold:   50         SH:  0    Dex: 10    Spells: 3/3 levels left

rFire    . . .     SeeInvis .   a - +0 hand axe
rCold    . . .     Faith    .   (no shield)
rNeg     . . .     Spirit   .   b - +0 animal skin
rPois    .         Reflect  .   (helmet restricted)
rElec    .         Harm     .   (no cloak)
rCorr    .         Rampage  .   (no gloves)
MR       .....                  (no boots)
Stlth    +.........             (no amulet)
HPRegen  0.13/turn              (no ring)
MPRegen  0.08/turn              (no ring)

@: lethally poisoned (0 -> -15)
A: retaliatory headbutt, horns 2
a: Berserk, Trog's Hand, Renounce Religion


You were on level 2 of the Dungeon.
You worshipped Trog.
Trog was pleased with you.
You visited 1 branch of the dungeon, and saw 2 of its levels.

You collected 50 gold pieces.

Inventory:

Hand Weapons
 a - a +0 hand axe (weapon)
Missiles
 c - 56 stones (quivered)
 l - 5 boomerangs
 o - 11 poisoned darts
Armour
 b - a +0 animal skin (worn)
Jewellery
 g - an uncursed ring of flight {unknown}
 k - an uncursed ring of positive energy {unknown}
Scrolls
 d - a scroll of enchant weapon {unknown}
 i - 2 scrolls of remove curse {unknown}
 j - a scroll of teleportation {unknown}
 m - a scroll of identify {unknown}
 n - 2 scrolls of amnesia {unknown}
Potions
 e - a potion of curing {unknown}
 f - 2 potions of stabbing {unknown}
 h - a potion of degeneration {unknown}
 p - a potion of ambrosia {unknown}
 q - a potion of lignification {unknown}


   Skills:
 + Level 4.2 Fighting
 * Level 5.2 Axes
 + Level 2.6 Armour
 + Level 2.5 Dodging


You had 3 spell levels left.
You didn't know any spells.
Your spell library was empty.

Dungeon Overview and Level Annotations

Branches:
Dungeon (2/15)

Altars:
Qazlal


Innate Abilities, Weirdness & Mutations

You reflexively headbutt those who attack you in melee.
You have a pair of horns on your head.


Message History

* * * LOW HITPOINT WARNING * * *
You feel sick.
The gnoll hits you with a +1 spear of venom.
* * * LOW HITPOINT WARNING * * *
You are more poisoned.
You hit the gnoll.
You kill the gnoll!
Trog accepts your kill.
You have reached level 4!
You feel agile.
* * * LOW HITPOINT WARNING * * *
You feel sick.
* * * LOW HITPOINT WARNING * * *
You feel sick.
Things that are here:
a +1 spear of venom; a viscous orange potion; 17 gold pieces
* * * LOW HITPOINT WARNING * * *
You feel sick.
Items here: $ ) ? †.
You die...

###
#.################
#............@)).#
#.##############÷#
#.# #.# #.#
######.### #.#
#........#
####.####
#........#
........#
#........#
........#
#..<.....#
........#
...gg.....#


There were no monsters in sight!

Vanquished Creatures
  2 gnolls (D:2)
  An adder (D:2)
  2 dart slugs
  6 bats
  2 giant cockroaches (D:2)
  3 goblins
  5 hobgoblins
  4 jackals (D:1)
  3 ball pythons
  2 frilled lizards (D:1)
  A kobold (D:1)
  5 rats (D:1)
36 creatures vanquished.

Vanquished Creatures (others)
  A rat (D:2)
1 creature vanquished.

Grand Total: 37 creatures vanquished

Notes
Turn   | Place    | Note
-------+----------+-------------------------------------------
     0 | D:1      | miket3c the Minotaur Berserker began the quest for the Orb.
     0 | D:1      | Reached XP level 1. HP: 19/19 MP: 0/0
   283 | D:1      | Reached skill level 4 in Axes
   284 | D:1      | Reached XP level 2. HP: 24/27 MP: 1/1
   642 | D:1      | Reached ** piety under Trog
  1170 | D:2      | Reached XP level 3. HP: 26/33 MP: 2/2
  1335 | D:2      | Found a stormy altar of Qazlal.
  1636 | D:2      | Reached skill level 5 in Axes
  1640 | D:2      | Reached XP level 4. HP: 6/40 MP: 3/3
  1642 | D:2      | HP: 1/40 [poisoned by a gnoll]
  1643 | D:2      | Succumbed to a gnoll's poison

Illustrated notes

Levels and vault maps discovered:
D:1:      saegor_arrival_simple_b, layout_loops_ring
D:2:      layout_basic, grunt_qazlal_clouds, grunt_temple_overflow_diamond,
          chequers_ecumenical_altar_simple_redux, uniq_jessica, uniq_sigmund,
          uniq_terence

Skill      XL: |  1  2  3 |
---------------+----------+-----
Axes           | 4 5 |  5.2
Fighting       | 4 |  4.2
Armour         | |  2.6
Dodging        | |  2.5

Action                   |  1- 3 |  4- 6 || total
-------------------------+-------+-------++-------
Melee: Hand axe          |    74 |       ||    74
       Headbutt          |    10 |       ||    10
Throw: Stone             |     1 |       ||     1
 Stab: Sleeping          |     2 |       ||     2
Armor: Animal skin       |    11 |       ||    11
Dodge: Dodged            |    49 |       ||    49

Table legend: (Time is in decaauts)
 A = Elapsed time spent in this place.
 B = Non-inter-level travel time spent in this place.
 C = Inter-level travel time spent in this place.
 D = Time resting spent in this place.
 E = Time spent auto-exploring this place.
 F = Levels seen in this place.
 G = Mean time per level.
                   A        B        C        D        E       F      G
               +--------+--------+--------+--------+--------+-----+--------+
         Total |   1649 |   1541 |    108 |    476 |    801 |   2 |  824.5 |
       Dungeon |   1649 |   1541 |    108 |    476 |    801 |   2 |  824.5 |
               +--------+--------+--------+--------+--------+-----+--------+

Top non-repeatable levels by time:
     D:1: 1162 daAuts
     D:2: 487 daAuts
